 Dungeon Crawl Stone Soup version 0.22-a0-322-g60b3cfd (webtiles) character file.

214 Kairos the Magician (level 5, -1/24 HPs)
             Began as a Spriggan Conjurer on Apr 5, 2018.
             Slain by Qupu's ghost (14 damage)
             ... on level 3 of the Dungeon.
             The game lasted 00:09:52 (3626 turns).

Kairos the Magician (Spriggan Conjurer)             Turns: 3626, Time: 00:09:52

Health: -1/24      AC:  2    Str:  4    XL:     5   Next: 59%
Magic:  0/12       EV: 19    Int: 17    God:
Gold:   154        SH:  0    Dex: 17    Spells: 10/13 levels left

rFire    . . .     SeeInvis +   k - +5 scimitar
rCold    . . .     Gourm    .   (shield restricted)
rNeg     + . .     Faith    .   a - +0 robe
rPois    .         Spirit   .   (helmet restricted)
rElec    .         Reflect  .   (no cloak)
rCorr    .         Harm     .   (gloves unavailable)
MR       .....                  (boots unavailable)
Stlth    +++.......             (no amulet)
HPRegen  0.08/turn              r - ring of positive energy
MPRegen  0.13/turn              (no ring)

@: drained, very quick
A: very small, unfitting armour, see invisible, herbivore, speed 3, slow
metabolism 2
a: no special abilities


You were on level 3 of the Dungeon.
You were hungry.

You visited 1 branch of the dungeon, and saw 3 of its levels.

You collected 154 gold pieces.

Inventory:

Hand Weapons
 b - a +0 club
 k - a +5 scimitar (weapon)
Armour
 a - a +0 robe (worn)
Jewellery
 r - a ring of positive energy (left hand)
Scrolls
 e - a scroll of magic mapping
 f - a scroll of remove curse
 j - 2 scrolls of identify {unknown}
 l - a scroll of amnesia {unknown}
 m - a scroll of enchant armour {unknown}
Potions
 d - 4 potions of curing {unknown}
 g - 2 potions of brilliance {unknown}
 h - a potion of might {unknown}
 i - a potion of ambrosia {unknown}
 n - a potion of mutation {unknown}
 o - a potion of degeneration {unknown}
 q - a potion of magic {unknown}
Comestibles
 c - 6 rations


   Skills:
 + Level 0.2(0.1) Fighting
 + Level 0.1(0.0) Long Blades
 + Level 0.2(0.0) Maces & Flails
 + Level 4.2(4.0) Dodging
 + Level 3.8(3.6) Stealth
 + Level 4.6(4.4) Spellcasting
 + Level 4.0(3.8) Conjurations


You had 10 spell levels left.
You knew the following spells:

 Your Spells              Type           Power        Failure   Level  Hunger
a - Magic Dart            Conj           ###.         3%          1    None
b - Searing Ray           Conj           ###...       4%          2    ##.....


Dungeon Overview and Level Annotations

Branches:
Dungeon (3/15)

Altars:

Annotations:
D:3 Qupu's ghost, amateur TrMo


Innate Abilities, Weirdness & Mutations

You are very small and have problems with some larger weapons.
You are too small for most types of armour.
You have supernaturally acute eyesight. (SInv)
You are a herbivore.
You cover ground extremely quickly.
You need to consume almost no food.


Message History

Aim: Qupu's ghost (heavily damaged)
The magic dart hits Qupu's ghost.
Qupu's ghost is heavily damaged.
Qupu's ghost closely misses you.
You riposte.
You hit Qupu's ghost.
Qupu's ghost is severely damaged.
You hit Qupu's ghost but do no damage.
Qupu's ghost is severely damaged.
Qupu's ghost barely misses you.
You riposte.
You hit Qupu's ghost but do no damage.
Qupu's ghost is severely damaged.
Qupu's ghost misses you.
You closely miss Qupu's ghost.
Qupu's ghost is severely damaged.
Qupu's ghost hits you!
Ouch! That really hurt!
You hit Qupu's ghost.
Qupu's ghost is almost destroyed.
Qupu's ghost hits you!
Ouch! That really hurt!
You die...

,,,**,,,,,,,* #.,*#....##....
,*,**,,,,,,,******#..##.##.###.#.
,****,,,,,,,,,,,,,...............
** *****+*,,,,,,,...............
*******,*,,,###########'#######
*,,,,,*,*,,,#.......>..........
*,,,,,*,*,,,#...###'###########
*,,,,,*,*,,,#...#.......<......
***,,,,,*,,,,,#.@.#..######'#+###
,,,,,,,,*,,,,,#.W.#..#..........#
,,,,,,,,*,*,,,#...#..#..........#
,,,,,,,,*,*,,,#...#..#..........#
,,,,**,,,,*,,,#...#..#..........#
,,,,*#....',,,#...#..#..........#
,,..*#..w.#...#...#..#..........#
,,..##...$#...#...#..#.)........#
,,...#...w#...#...'..#,,,,,,,,,,#


You could see Qupu's ghost.

Vanquished Creatures
  3 wights (D:2)
  4 adders (D:2)
  A worm (D:2)
  A dart slug (D:2)
  2 leopard geckos (D:1)
  An orc (D:3)
  5 goblins
  6 hobgoblins
  5 jackals (D:1)
  2 quokkas (D:2)
  A ball python (D:1)
  7 bats
  4 frilled lizards
  7 kobolds
  5 rats
54 creatures vanquished.

Notes
Turn   | Place    | Note
-------+----------+-------------------------------------------
     0 | D:1      | Kairos the Spriggan Conjurer began the quest for the Orb.
     0 | D:1      | Reached XP level 1. HP: 9/9 MP: 5/5
   356 | D:1      | Reached XP level 2. HP: 13/13 MP: 4/6
  1313 | D:1      | Reached XP level 3. HP: 16/16 MP: 4/8
  1401 | D:1      | You fall through a shaft!
  1810 | D:2      | Noticed a phantom
  2231 | D:2      | Learned a level 2 spell: Searing Ray
  2318 | D:2      | Reached XP level 4. HP: 21/21 MP: 0/10
  2969 | D:2      | Reached XP level 5. HP: 19/24 MP: 0/12
  3547 | D:3      | Noticed Qupu's ghost (amateur TrMo)
  3626 | D:3      | Slain by Qupu's ghost

Vault maps used:
D:1:      dpeg_arrival_short_road, minmay_tree_intersection,
          grunt_decor_one_mirror, roderic_lattice_a
D:2:      kb_forest_paths
D:3:      bloody_trog, first_ration

Skill      XL: |  1  2  3  4  5 |
---------------+----------------+-----
Conjurations   | 3 4 |  4.0
Spellcasting   | 3 4 |  4.6
Dodging        | 4 |  4.2
Fighting       | |  0.2
Long Blades    | |  0.1
Maces & Flails | |  0.2
Stealth        | |  3.8

Action                   |  1- 3 |  4- 6 || total
-------------------------+-------+-------++-------
Melee: Club              |    31 |     7 ||    38
       Unarmed           |     1 |       ||     1
       Scimitar          |       |    12 ||    12
 Cast: Magic Dart        |    91 |    83 ||   174
       Searing Ray       |     1 |     7 ||     8
  Use: Scroll            |       |     2 ||     2
Armor: Robe              |    11 |     4 ||    15
Dodge: Dodged            |    78 |    29 ||   107
       Rpst.: Scimitar   |       |     5 ||     5

Table legend:
 A = Spawn XP
 B = Non-spawn XP
 C = Spawn XP percentage of total XP
 D = Spawn monster count
 E = Non-spawn monster count
 F = Spawn count percentage of total count
 G = Total turns spent on level
                    A         B        C        D         E        F      G
               +---------+---------+-------+---------+---------+-------+---------
         Total |       0 |     306 |   0.0 |       0 |      54 |   0.0 |  3626
               +---------+---------+-------+---------+---------+-------+---------
           D:1 |       0 |      44 |   0.0 |       0 |      26 |   0.0 |  1694
           D:2 |       0 |     254 |   0.0 |       0 |      24 |   0.0 |  1631
           D:3 |       0 |       8 |   0.0 |       0 |       4 |   0.0 |   301
               +---------+---------+-------+---------+---------+-------+---------
